 Dungeon Crawl Stone Soup version 0.28-a0-445-g51f8dfeb47 (webtiles) character file.

Game seed: 8606023476144719709

179066 fcjeas the Earth Mage (level 18, -30/168 HPs)
             Began as a Gargoyle Earth Elementalist on Sept 12, 2021.
             Was the Champion of Vehumet.
             Annihilated by Asterion (33 damage)
             ... on level 3 of the Spider Nest.
             The game lasted 01:45:47 (37182 turns).

fcjeas the Earth Mage (GrEE)                       Turns: 37182, Time: 01:45:47

Health: -30/168    AC: 17    Str: 14      XL:     18   Next: 22%
Magic:  24/39      EV: 18    Int: 22      God:    Vehumet [******]
Gold:   1507       SH:  0    Dex:  9 (10) Spells: 9/40 levels left

rFire   + + +      SeeInvis +   b - +6 dire flail (holy)
rCold   . . .      Faith    .   (shield currently unavailable)
rNeg    + + .      Spirit   .   n - +3 leather armour {rF+}
rPois   ∞          Reflect  .   N - +0 mask of the Dragon {Will+ Slay+3 SInv}
rElec   +          Harm     .   (no cloak)
rCorr   .          Rampage  .   y - +2 pair of gloves of Chill Winds {rElec rF+ rN+ Stlth+}
Will    ++...                   k - +1 pair of boots
Stlth   ..........              v - amulet of regeneration
HPRegen 1.38/turn               A - +4 ring of evasion
MPRegen 0.26/turn               C - ring of magical power

@: berserking, corroded, flying, very quick
A: sickness immunity, AC +13, big wings, negative energy resistance 1,
electricity resistance, torment resistance 1, petrification resistance, fire
resistance 1, low mp 1
a: Renounce Religion


You were on level 3 of the Spider Nest.
You worshipped Vehumet.
Vehumet was exalted by your worship.
You visited 5 branches of the dungeon, and saw 31 of its levels.
You also visited: Volcano.

You collected 3964 gold pieces.
You spent 2457 gold pieces at shops.

Inventory:

Hand Weapons
 b - a +6 dire flail of holy wrath (weapon)
Missiles
 l - 1062 stones
 o - a throwing net
Armour
 k - a +1 pair of boots (worn)
 n - a +3 leather armour of fire resistance (worn)
 y - the +2 pair of gloves of Chill Winds (worn) {rElec rF+ rN+ Stlth+}
   (You bought it in a shop on level 7 of the Dungeon)

   rF:        It protects you from fire.
   rElec:     It insulates you from electricity.
   rN:        It protects you from negative energy.
   Stlth:     It makes you more stealthy.
 N - the +0 mask of the Dragon (worn) {Will+ Slay+3 SInv}
   (You bought it in a shop on level 7 of the Dungeon)

   Slay:      It affects your accuracy & damage with ranged weapons and melee
   (+3).
   SInv:      It lets you see invisible.
   Will:      It increases your willpower.
Jewellery
 d - an amulet of reflection
 e - a ring of resist corrosion
 r - a ring of protection from fire
 v - an amulet of regeneration (around neck)
 A - a +4 ring of evasion (left hand)
 C - a ring of magical power (right hand)
Wands
 m - a wand of digging (11)
 t - a wand of flame (85)
 w - a wand of iceblast (16)
 x - a wand of polymorph (11)
 B - a wand of charming (3)
 J - a wand of paralysis (18)
Scrolls
 i - 6 scrolls of teleportation
 j - 7 scrolls of amnesia
 s - a scroll of magic mapping
 u - 2 scrolls of fog
 D - 18 scrolls of identify
 E - 3 scrolls of holy word
 G - a scroll of immolation
 H - a scroll of fear
Potions
 a - 5 potions of brilliance
 c - 2 potions of lignification
 f - 4 potions of curing
 h - 6 potions of invisibility
 p - 2 potions of might
 q - 3 potions of cancellation
 I - a potion of haste
Miscellaneous
 g - a phantom mirror
 F - a condenser vane (inert)
 L - a lightning rod (4/4)


   Skills:
 + Level 12.2 Fighting
 + Level 11.4 Maces & Flails
 - Level 6.0 Armour
 + Level 9.9 Dodging
 - Level 2.1 Stealth
 + Level 11.9 Spellcasting
 + Level 13.4 Conjurations
 - Level 0.7 Transmutations
 * Level 9.1 Fire Magic
 + Level 15.1 Earth Magic
 - Level 10.0 Evocations


You had 9 spell levels left.
You knew the following spells:

 Your Spells              Type           Power      Damage    Failure   Level
a - Sandblast             Erth           100%       2d20      0%          1
b - Stone Arrow           Conj/Erth      100%       3d13      1%          3
c - Lee's Rapid Deconstr  Erth           34%        3d18*     1%          5
d - Iron Shot             Conj/Erth      33%        9d7       1%          6
e - Fireball              Conj/Fire      29%        3d13      1%          5
f - Starburst             Conj/Fire      29%        6d9       2%          6
g - Irradiate             Conj/Tmut      22%        3d21      2%          5

Your spell library contained the following spells:

 Spells                   Type           Power      Damage    Failure   Level
 Orb of Destruction       Conj           32%        9d12      5%          7
 Foxfire                  Conj/Fire      100%       2x1d9     1%          1
 Passwall                 Tmut/Erth      39%        N/A       1%          2
 Conjure Flame            Conj/Fire      58%        6-21      1%          3
 Dazzling Flash           Conj/Hex       84%        N/A       1%          3
 Inner Flame              Hex/Fire       33%        N/A       1%          3
 Flame Wave               Conj/Fire      58%        3d11      1%          4
 Fulminant Prism          Conj/Hex       21%        3d13      1%          4
 Iskenderun's Mystic Bla  Conj/Tloc      42%        2d10      1%          4
 Poisonous Vapours        Pois/Air       26%        N/A       2%          2
 Petrify                  Tmut/Erth      47%        N/A       2%          4
 Beastly Appendage        Tmut           32%        N/A       4%          1
 Sting                    Tmut/Pois      56%        1d5       5%          1
 Animate Skeleton         Necr           26%        N/A       6%          1
 Pain                     Necr           52%        1d6       6%          1
 Wereblood                Tmut           16%        N/A       7%          2
 Blink                    Tloc           N/A        N/A       10%         2
 Corpse Rot               Necr/Air       N/A        N/A       10%         2
 Ensorcelled Hibernation  Hex/Ice        26%        N/A       10%         2
 Slow                     Hex            13%        N/A       10%         2
 Spider Form              Tmut/Pois      7%         N/A       16%         3
 Olgreb's Toxic Radiance  Pois           13%        N/A       16%         4
 Confusing Touch          Hex            13%        N/A       19%         3
 Tukima's Dance           Hex            13%        N/A       19%         3
 Vampiric Draining        Necr           6%         2d6       19%         3
 Yara's Violent Unravell  Hex/Tmut       7%         3d5       34%         5
 Dispel Undead            Necr           13%        3d9       52%         4
 Summon Lightning Spire   Summ/Air       13%        N/A       52%         4
 Manifold Assault         Tloc           13%        N/A       86%         5
 Metabolic Englaciation   Hex/Ice        6%         N/A       86%         5
 Death Channel            Necr           6%         N/A       100%        6
 Storm Form               Tmut/Air       7%         N/A       100%        7
 Maxwell's Capacitive Co  Air            6%         ∞         100%        8
 Statue Form              Tmut/Erth      Unusable   N/A       N/A         6

Dungeon Overview and Level Annotations

Branches:
Dungeon (15/15)            Temple (0/1) D:4            Lair (6/6) D:9
 Shoals (4/4) Lair:4       Spider (4/4) Lair:3        Slime (0/5) Lair:5
    Orc (2/2) D:10            Elf (0/3) Orc:2        Vaults (0/5) D:13
 Depths (0/5) D:15        Volcano (visited)

Altars:
Ashenzari
Dithmenos
Gozag
Hepliaklqana
Kikubaaqudgha
Qazlal
Sif Muna
Uskayaw
Vehumet
Wu Jian
Yredelemnul
The Shining One
Beogh
Jiyva

Shops:
D:4 (   D:7 [   Orc:2 :??(=

Portals:
Trove: D:15 (give +4 ice dragon scales)

Annotations:
D:6 2 transporters, TZer0's ghost, novice VSTm
D:10 3 runed translucent doors, Sekuso's ghost, journeyman DEEE
Shoals:2 3 runed translucent doors, rayg00n's ghost, adept KoBr
Spider:3 Asterion


Innate Abilities, Weirdness & Mutations

You are immune to sickness and miasma.
Your stone body is resilient. (AC +13)
You are immune to poison.
Your large and strong wings let you fly.
You resist negative energy. (rN+)
You are resistant to electric shocks. (rElec)
You are resistant to unholy torment.
You are immune to petrification.
Your flesh is heat resistant. (rF+)
Your magical capacity is low. (-10% MP)


Message History

Asterion hits you with a +2 demon blade of freezing!
Asterion freezes you. Asterion gores you but does no damage.
The tarantella closely misses you. Asterion blocks your attack.
Asterion is moderately wounded.
Asterion hits you with a +2 demon blade of freezing!!
* * * LOW HITPOINT WARNING * * *
Asterion freezes you.
* * * LOW HITPOINT WARNING * * *
Asterion barely misses you. The tarantella closely misses you.
Asterion blocks your attack.
Asterion is moderately wounded.
Asterion barely misses you. Asterion gores you.
* * * LOW HITPOINT WARNING * * *
You puncture Asterion!
Asterion is moderately wounded.
The tarantella closely misses you. Asterion blocks your attack.
Asterion is moderately wounded.
Asterion conjures a destructive force in the name of Makhleb!
The bolt of lightning misses you. The bolt of lightning hits you! You resist.
* * * LOW HITPOINT WARNING * * *
The bolt of lightning hits Asterion!
The tarantella bites you but does no damage.
Asterion blocks your attack.
Asterion is moderately wounded.
Asterion mumbles some strange prayers to Makhleb.
The tarantella misses you. Asterion blocks your attack.
Asterion is moderately wounded.
Asterion hits you with a +2 demon blade of freezing.
* * * LOW HITPOINT WARNING * * *
Asterion freezes you.
* * * LOW HITPOINT WARNING * * *
Asterion misses you. The tarantella misses you.
Unknown command.
Asterion blocks your attack.
Asterion is moderately wounded.
Asterion hits you with a +2 demon blade of freezing!!
You die...

......#......≈..#^..######.#####
......##.....#..#.....#..###
###....##..###..#....##...###
........≈...#...#.......###.##
......#######≈#≈#............#
........^.....≈...#.....<....##
###...........#.2.#..(........#
#.............≈>Hs#...#^....≈##
#.^.....##≈.####@.#...#....###
≈##.......###..#≈.#...≈#≈#.≈#
.........##.....#≈≈##########
........^.....###.#≈≈#
...#..^##..........≈##
...###..##.........##
...#...^.##........≈##
...#......#≈........≈#
.###......^###≈.^.#####


You could see Asterion (fast), a green death (summoned) and a tarantella.

Vanquished Creatures
  A kraken (Shoals:3)
  Polyphemus (Shoals:2)
  Gastronok (Lair:2)
  2 azure jellies (Lair:5)
  Roxanne (Shoals:2)
  A ghost moth (Spider:4)
  A merfolk javelineer (Shoals:2)
  Snorg (D:14)
  4 merfolk impalers
  14 hydras
  2 rakshasas (D:15)
  4 boulder beetles
  2 catoblepae
  An alligator snapping turtle (Shoals:3)
  6 vault guards
  3 merfolk aquamancers
  6 two-headed ogres
  2 merfolk avatars
  5 centaur warriors
  4 ogre magi (Orc:2)
  3 satyrs (Shoals:3)
  A deep troll shaman (Lair:6)
  7 death yaks
  A tengu warrior (D:15)
  Urug (D:12)
  2 orc high priests (Orc:2)
  A hell knight (Volcano)
  Sonja (Lair:2)
  8 sea snakes
  4 skeletal warriors (D:13)
  An orc knight (Orc:1)
  11 orb spiders
  A necromancer (D:15)
  16 ugly things
  11 orc sorcerers
  A salamander (shapeshifter) (D:15)
  A faun (shapeshifter) (D:15)
  8 manticores
  A moth of wrath (Spider:4)
  26 wolf spiders
  8 fauns
  2 cyclopes
  14 elephants
  An ice statue (D:14)
  2 gargoyles (D:12)
  2 water nymphs (Shoals:2)
  3 black mambas
  A merfolk siren (Shoals:3)
  11 cane toads
  3 naga magi (D:15)
  Maggie (Lair:2)
  2 molten gargoyles (Volcano)
  2 rime drakes (Lair:5)
  6 komodo dragons
  An unseen horror (D:13)
  A torpor snail (Lair:5)
  A freezing wraith (D:15)
  A yaktaur (Volcano)
  7 demonic crawlers
  3 efreet
  4 polar bears
  30 jumping spiders
  5 trolls
  A wind drake (Shoals:2)
  11 merfolk
  A queen bee (shapeshifter) (D:9)
  5 hornets
  15 slime creatures
  7 dream sheep (Lair:6)
  18 blink frogs
  12 snapping turtles
  A centaur simulacrum (D:15)
  A shadow (D:9)
  60 redbacks
  3 water elementals (Shoals:1)
  2 meliai zombies
  2 wraiths
  Sigmund (D:4)
  17 tarantellas
  7 basilisks
  74 yaks
  2 wyverns
  A basilisk (shapeshifter) (D:13)
  A fire bat (Volcano)
  Grum (D:8)
  3 vampire mosquitoes (D:15)
  A steam dragon (D:7)
  7 wargs
  Menkaure (D:4)
  Edmund (D:4)
  An acid dragon (D:8)
  14 water moccasins
  2 ice beasts
  2 black bears
  2 necrophages (D:4)
  14 orc warriors
  A phantom (D:10)
  21 wolves
  3 boggarts (D:14)
  10 centaurs
  11 ogres
  3 kobold brigands
  14 bullfrogs
  2 gnoll sergeants
  4 scorpions
  2 troll zombies (D:10)
  10 killer bees
  11 wights
  3 electric eels
  6 howler monkeys
  3 lava snakes (Volcano)
  2 bullfrog zombies
  9 centaur zombies
  A hound (D:4)
  8 orc priests
  3 centaur skeletons
  Jessica (D:3)
  Ijyb (D:4)
  An iguana (D:4)
  30 orc wizards
  6 hell rats (Lair:4)
  A killer bee zombie (D:9)
  6 ogre zombies (D:10)
  A hound skeleton (D:4)
  Robin (D:1)
  9 gnolls
  3 howler monkey zombies (D:9)
  5 adders
  2 ufetubi
  2 worms
  A dart slug (D:1)
  50 orcs
  8 ball pythons
  3 bats
  8 endoplasms
  A giant cockroach (D:4)
  17 goblins
  7 hobgoblins
  2 jackals (D:4)
  3 quokkas
  2 goblin skeletons (D:10)
  3 goblin zombies (D:10)
  3 hobgoblin skeletons (D:10)
  5 hobgoblin zombies (D:10)
  14 kobolds
  2 orc skeletons (D:10)
  10 orc zombies (D:10)
  A quokka skeleton (D:4)
  11 rats
  A tentacle (Shoals:3)
918 creatures vanquished.

Vanquished Creatures (collateral kills)
  Jorgrun (Lair:3)
  A vault guard (D:13)
  A demonic crawler (Lair:3)
  A jumping spider (Lair:3)
  A tarantella (Lair:3)
  A scorpion (D:7)
  A kobold (D:7)
7 creatures vanquished.

Vanquished Creatures (others)
  2 orc wizards (Orc:2)
  An orc (Orc:2)
  A kobold (D:7)
  3 bushes
  46 fungi
  89 plants
  20 tentacles (Shoals:3)
162 creatures vanquished.

Grand Total: 1087 creatures vanquished

Notes
Turn   | Place    | Note
-------+----------+-------------------------------------------
     0 | D:1      | fcjeas the Gargoyle Earth Elementalist began the quest for
                  | the Orb.
     0 | D:1      | Reached XP level 1. HP: 10/10 MP: 3/3
   215 | D:1      | Reached XP level 2. HP: 9/15 MP: 5/5
   377 | D:1      | Reached skill level 4 in Earth Magic
  1275 | D:1      | Reached XP level 3. HP: 19/19 MP: 6/6
  1279 | D:1      | Learned a level 3 spell: Stone Arrow
  1404 | D:2      | Noticed Robin
  1421 | D:1      | Killed Robin
  1422 | D:1      | Reached skill level 1 in Conjurations
  1509 | D:2      | Reached XP level 4. HP: 15/24 MP: 8/8
  2618 | D:3      | Found a broken altar of Ashenzari.
  2624 | D:3      | Reached skill level 5 in Earth Magic
  2762 | D:3      | Found a stormy altar of Qazlal.
  2817 | D:3      | Reached XP level 5. HP: 23/28 MP: 9/9
  3139 | D:3      | Noticed Jessica
  3141 | D:3      | Killed Jessica
  3330 | D:3      | Found a shimmering blue altar of Sif Muna.
  3545 | D:3      | Found an ancient bone altar of Kikubaaqudgha.
  3689 | D:3      | Found a radiant altar of Vehumet.
  3694 | D:3      | Reached XP level 6. HP: 32/32 MP: 6/11
  3697 | D:3      | Became a worshipper of Vehumet
  3975 | D:4      | Found a hide-covered altar of Uskayaw.
  3979 | D:4      | Noticed a necrophage
  4001 | D:4      | Killed a necrophage
  4273 | D:4      | Found Utyng's Antique Weapon Emporium.
  4279 | D:4      | Noticed Edmund
  4288 | D:4      | Reached skill level 6 in Earth Magic
  4449 | D:4      | Noticed Ijyb
  4460 | D:4      | Killed Ijyb
  4758 | D:4      | Reached XP level 7. HP: 36/36 MP: 9/13
  4811 | D:4      | Found a shadowy altar of Dithmenos.
  4907 | D:4      | Noticed Sigmund
  4912 | D:4      | Killed Sigmund
  5096 | D:4      | Found a staircase to the Ecumenical Temple.
  5125 | D:4      | Noticed Menkaure
  5130 | D:4      | Killed Menkaure
  5175 | D:4      | Killed Edmund
  5176 | D:4      | Reached skill level 5 in Spellcasting
  5176 | D:4      | Reached skill level 5 in Conjurations
  5176 | D:4      | Reached skill level 7 in Earth Magic
  5176 | D:4      | Reached XP level 8. HP: 14/41 MP: 8/15
  5793 | D:5      | Entered Level 5 of the Dungeon
  6794 | D:6      | Reached skill level 8 in Earth Magic
  6853 | D:6      | Found an opulent altar of Gozag.
  6923 | D:6      | Noticed TZer0's ghost (novice VSTm)
  6923 | D:6      | Noticed a white ugly thing
  6924 | D:6      | Noticed a cyclops
  6925 | D:6      | Found a transporter.
  6962 | D:6      | Found a transporter.
  7165 | D:6      | Found an ornate altar of the Wu Jian Council.
  7172 | D:6      | Reached * piety under Vehumet
  7172 | D:6      | Offered knowledge of Freeze by Vehumet.
  7173 | D:6      | Reached skill level 1 in Fighting
  7412 | D:7      | Reached skill level 1 in Maces & Flails
  7412 | D:7      | Reached skill level 1 in Armour
  7412 | D:7      | Reached skill level 1 in Evocations
  7412 | D:7      | Reached XP level 9. HP: 47/47 MP: 10/18
  7554 | D:7      | Found Qaoho's Antique Armour Boutique.
  7890 | D:7      | Bought a pair of crude gloves for 256 gold pieces
  7890 | D:7      | Identified the +2 pair of gloves of Chill Winds {rElec rF+
                  | rN+ Stlth+} (You bought it in a shop on level 7 of the
                  | Dungeon)
  8839 | D:8      | Reached skill level 9 in Earth Magic
  8942 | D:8      | Noticed Grum
  8950 | D:8      | Reached XP level 10. HP: 32/56 MP: 7/19
  8954 | D:8      | Killed Grum
  9513 | D:9      | Noticed a two-headed ogre
  9519 | D:9      | Killed a two-headed ogre
 10057 | D:9      | Reached ** piety under Vehumet
 10057 | D:9      | Offered knowledge of Static Discharge by Vehumet.
 10316 | D:9      | Reached XP level 11. HP: 48/62 MP: 3/21
 10627 | D:9      | Found a staircase to the Lair.
 11132 | D:10     | Entered Level 10 of the Dungeon
 11134 | D:10     | Found a staircase to the Orcish Mines.
 11256 | D:10     | Offered knowledge of Searing Ray by Vehumet.
 11283 | D:10     | Reached *** piety under Vehumet
 11287 | D:10     | Reached skill level 5 in Fighting
 11291 | D:10     | Reached skill level 10 in Earth Magic
 11374 | D:10     | Offered knowledge of Flame Wave by Vehumet.
 11419 | D:10     | Reached skill level 5 in Armour
 11570 | D:10     | Found a runed translucent gate.
 11570 | D:10     | Found a runed translucent gate.
 11572 | D:10     | Found a runed translucent gate.
 11574 | D:10     | Noticed Sekuso's ghost (journeyman DEEE)
 11593 | D:10     | Noticed a two-headed ogre
 11600 | D:10     | Killed a two-headed ogre
 11601 | D:10     | Reached skill level 5 in Maces & Flails
 11705 | D:10     | Found a basalt altar of Yredelemnul.
 12129 | D:11     | Noticed a green ugly thing
 12360 | D:11     | Killed a green ugly thing
 12561 | D:11     | Reached **** piety under Vehumet
 12586 | D:11     | Reached skill level 5 in Evocations
 12747 | D:11     | Reached skill level 5 in Dodging
 12859 | D:11     | Reached XP level 12. HP: 66/69 MP: 23/23
 12866 | D:11     | Offered knowledge of Airstrike by Vehumet.
 13159 | D:12     | You fall into a shaft and drop 3 floors!
 13159 | D:15     | Entered Level 15 of the Dungeon
 13192 | D:15     | Noticed a seven-headed hydra
 13194 | D:15     | Gained mutation: You are frail. (-10% HP) [potion of
                  | mutation]
 13194 | D:15     | Lost mutation: You are frail. (-10% HP) [potion of
                  | mutation]
 13199 | D:15     | Noticed a five-headed hydra
 13204 | D:15     | Killed a five-headed hydra
 13211 | D:15     | Found a hazy altar of Hepliaklqana.
 13350 | D:15     | Noticed a tengu warrior
 13374 | D:15     | Killed a tengu warrior
 13476 | D:15     | Found a portal to a secret trove of treasure.
 13558 | D:14     | Noticed a centaur warrior
 13570 | D:14     | Killed a centaur warrior
 13689 | D:13     | Noticed a boulder beetle
 13690 | D:13     | Noticed a two-headed ogre
 13841 | D:12     | Noticed a two-headed ogre
 13853 | D:12     | Killed a two-headed ogre
 13854 | D:12     | Reached skill level 11 in Earth Magic
 13864 | D:12     | Killed a boulder beetle
 13984 | D:12     | Noticed Urug
 13992 | D:12     | Killed Urug
 14063 | D:12     | Noticed a two-headed ogre
 14067 | D:12     | Killed a two-headed ogre
 14793 | D:12     | Identified the +3 leather armour of Jaitah {Drain rPois
                  | rCorr Str+4}
 14820 | D:13     | Killed a two-headed ogre
 14843 | D:13     | Noticed a vault guard
 14908 | D:13     | Noticed a vault guard
 14918 | D:13     | Killed a vault guard
 14919 | D:13     | Reached XP level 13. HP: 55/76 MP: 1/25
 15032 | D:13     | Noticed a vault guard
 15155 | D:13     | Noticed a vault guard
 15178 | D:13     | Killed a vault guard
 15298 | D:13     | Reached ***** piety under Vehumet
 15316 | D:13     | HP: 3/76 [skeletal warrior[a skeletal warrior] (4)]
 15430 | D:12     | Killed a vault guard
 15465 | D:12     | Reached skill level 10 in Conjurations
 15636 | D:13     | Killed a vault guard
 15753 | D:13     | Noticed a vault guard
 15763 | D:13     | Killed a vault guard
 15882 | D:13     | Noticed a vault guard
 15889 | D:13     | Killed a vault guard
 15961 | D:13     | Found a gate to the Vaults.
 16140 | D:13     | Noticed a vault guard
 16155 | D:13     | Killed a vault guard
 16308 | D:13     | Offered knowledge of Iron Shot by Vehumet.
 16814 | D:14     | Reached skill level 12 in Earth Magic
 16821 | D:14     | Learned a level 6 spell: Iron Shot
 16889 | D:14     | Noticed Snorg
 16895 | D:14     | Killed Snorg
 17428 | D:14     | Gained mutation: Your large and strong wings let you fly.
                  | [Gargoyle growth]
 17428 | D:14     | Reached XP level 14. HP: 60/84 MP: 20/27
 18046 | Lair:1   | Entered Level 1 of the Lair of Beasts
 19045 | Lair:2   | Identified the +9 mace "Onairik" {drain, rPois Dex+3}
 19045 | Lair:2   | Noticed Gastronok
 19059 | Lair:2   | Killed Gastronok
 19311 | Lair:2   | Noticed Maggie
 19318 | Lair:2   | Killed Maggie
 19528 | Lair:2   | Noticed Sonja
 19532 | Lair:2   | Killed Sonja
 19761 | Lair:3   | Found a hole to the Spider Nest.
 20712 | Lair:4   | Found a dark tunnel.
 20721 | Volcano  | Entered a volcano
 20872 | Volcano  | Found a bloodstained altar of Trog.
 21038 | Volcano  | Identified the +0 helmet "Ofyutobra" {Str+2}
 21421 | Lair:4   | Reached skill level 10 in Spellcasting
 21795 | Lair:4   | Reached skill level 13 in Earth Magic
 21875 | Lair:4   | Reached XP level 15. HP: 64/92 MP: 29/29
 21922 | Lair:4   | Found a staircase to the Shoals.
 22010 | Lair:4   | Identified the +9 hand axe "Ratidd" {vorpal, rCorr Str+3
                  | SInv}
 23155 | Lair:5   | Found a runed translucent door.
 23159 | Lair:5   | Found a viscous altar of Jiyva.
 23160 | Lair:5   | Found a staircase to the Slime Pits.
 23160 | Lair:5   | Noticed an azure jelly
 23160 | Lair:5   | Noticed an azure jelly
 23171 | Lair:5   | Killed an azure jelly
 23177 | Lair:5   | Killed an azure jelly
 23178 | Lair:5   | Reached skill level 10 in Fighting
 23692 | Lair:6   | Entered Level 6 of the Lair of Beasts
 23722 | Lair:6   | Reached ****** piety under Vehumet
 24277 | Lair:6   | Offered knowledge of Fireball by Vehumet.
 24284 | Lair:6   | Learned a level 5 spell: Fireball
 24386 | Lair:6   | Reached skill level 1 in Fire Magic
 25495 | Orc:1    | Entered Level 1 of the Orcish Mines
 25821 | Orc:2    | Entered Level 2 of the Orcish Mines
 25849 | Orc:2    | Paralysed by an orc sorcerer for 4 turns
 25884 | Orc:2    | Paralysed by an ogre mage for 4 turns
 26031 | Orc:2    | Found Hecso Vef's Book Boutique.
 26106 | Orc:2    | Bought a book of Blasting for 416 gold pieces
 26113 | Orc:2    | Learned a level 5 spell: Lee's Rapid Deconstruction
 26164 | Orc:1    | Offered knowledge of Freezing Cloud by Vehumet.
 26165 | Orc:1    | Reached XP level 16. HP: 92/97 MP: 30/30
 26419 | Orc:2    | Found a staircase to the Elven Halls.
 26565 | Orc:1    | Reached skill level 10 in Maces & Flails
 27093 | Orc:2    | Found Ora Gal's Antique Weapon Boutique.
 27274 | Orc:2    | Found a radiant altar of Vehumet.
 27318 | Orc:2    | Found Xig Pufufo's Magic Scroll Boutique.
 27348 | Orc:2    | Found an ancient bone altar of Kikubaaqudgha.
 27410 | Orc:2    | Found Ucvuv's Jewellery Shop.
 27418 | Orc:2    | Paralysed by an orc sorcerer for 3 turns
 27434 | Orc:2    | Found Osie's Magic Scroll Boutique.
 27484 | Orc:2    | Bought a scroll of acquirement for 884 gold pieces
 27486 | Orc:2    | Acquired 1110 gold pieces
 27891 | D:7      | Bought the +0 mask of the Dragon {Will+ Slay+3 SInv} for
                  | 901 gold pieces
 27891 | D:7      | Found the +0 mask of the Dragon {Will+ Slay+3 SInv}
 28319 | D:15     | Offered knowledge of Spellforged Servitor by Vehumet.
 28747 | D:15     | Reached skill level 14 in Earth Magic
 28933 | D:15     | Found a staircase to the Depths.
 29028 | D:15     | Reached skill level 5 in Fire Magic
 29139 | D:15     | Found a glowing golden altar of the Shining One.
 29571 | Shoals:1 | Entered Level 1 of the Shoals
 30967 | Shoals:2 | Noticed Roxanne
 30973 | Shoals:2 | Killed Roxanne
 31160 | Shoals:2 | Noticed Polyphemus
 31176 | Shoals:2 | Killed Polyphemus
 31381 | Shoals:2 | Reached XP level 17. HP: 78/104 MP: 20/32
 31760 | Shoals:2 | Found a runed translucent gate.
 31761 | Shoals:2 | Found a runed translucent gate.
 31762 | Shoals:2 | Found a runed translucent gate.
 31763 | Shoals:2 | Noticed rayg00n's ghost (adept KoBr)
 32169 | Shoals:3 | Learned a level 6 spell: Starburst
 32615 | Shoals:3 | Offered knowledge of Ozocubu's Refrigeration by Vehumet.
 32743 | Shoals:3 | Noticed a kraken
 33029 | Shoals:3 | Killed a kraken
 33303 | Shoals:3 | Reached skill level 10 in Evocations
 33957 | Shoals:4 | Entered Level 4 of the Shoals
 34147 | Spider:1 | Entered Level 1 of the Spider Nest
 34160 | Spider:1 | Noticed Jorgrun
 34237 | Lair:3   | Killed Jorgrun
 34579 | Spider:1 | Offered knowledge of Irradiate by Vehumet.
 34586 | Spider:1 | Learned a level 5 spell: Irradiate
 35762 | Spider:2 | Reached XP level 18. HP: 112/112 MP: 33/33
 35791 | Spider:2 | Gained mutation: Your flesh is heat resistant. (rF+)
                  | [potion of mutation]
 35791 | Spider:2 | Gained mutation: Your magical capacity is low. (-10% MP)
                  | [potion of mutation]
 36265 | Spider:3 | Reached skill level 15 in Earth Magic
 36976 | Spider:4 | Entered Level 4 of the Spider Nest
 37008 | Spider:4 | Offered knowledge of Orb of Destruction by Vehumet.
 37167 | Spider:4 | Noticed Asterion
 37181 | Spider:3 | HP: 4/168 [Asterion (6)]
 37182 | Spider:3 | Annihilated by Asterion

Illustrated notes

Levels and vault maps discovered:
D:1:      wander_arrival_estate, layout_basic
D:2:      layout_loops_cross, uniq_robin
D:3:      layout_rooms, palyth_temple_overflow_mages,
          mainiacjoe_overflow_catch_the_wave, serial_park_tiny_2,
          hangedman_abyss_or_decor_lesser_grid, uniq_jessica
D:4:      layout_loops_ring, nicolae_dithmenos_the_darkroom,
          nicolae_uskayaw_dance_hall, minmay_temple_entry_from_below_a,
          serial_shops, nicolae_shop_temple_entry_statues_fountains, uniq_ijyb,
          uniq_sigmund, uniq_edmund, uniq_menkaure
D:5:      layout_loops_cross, kennysheep_nondescript
D:6:      layout_basic, lemuel_round_altar,
          mainiacjoe_overflow_concentric_impassable, gammafunk_ghost_arena
D:7:      layout_basic, serial_shops, nicolae_diamond_shop
D:8:      layout_cave_pods, uniq_grum
D:9:      layout_loops_ring, minmay_lair_entry_grove, hangedman_minor_gate_pass
D:10:     layout_big_octagon, mainiacjoe_overflow_small_starburst,
          zombieorc2_lemuel, gammafunk_ghost_necromancy
D:11:     layout_roguey, st_stairs_4
D:12:     layout_irregular_city, uniq_urug
D:13:     layout_roguey, erik_vaults_2
D:14:     layout_irregular_city, portal_ice_cave_entry_ice_statue_one,
          roderic_serpentine_path, uniq_snorg
D:15:     grunt_enter_depths_magical_seal, layout_loops_ring, enter_trove_3,
          nzn_hepliaklqana_mist_gate, nicolae_tso_swordbearing_angel
Lair:1:   layout_roguey, chequers_serial_rivers_micro_e,
          grunt_forest_small_clearings
Lair:2:   layout_big_grid, uniq_sonja, uniq_gastronok, uniq_maggie
Lair:3:   layout_long_grid, spider_nest_entry_rubble
Lair:4:   layout_loops_ring, elwin_shoals_entry_rocks, serial_rivers,
          chequers_serial_rivers_micro_d, chequers_serial_rivers_micro_b,
          chequers_serial_rivers_micro_d, chequers_serial_rivers_small_b,
          chequers_serial_rivers_micro_c, nicolae_volcano_entry_two_sided,
          fungi_pond_lemuel
Lair:5:   layout_misc_corridors, slime_altar_2, wad_woods_river_02,
          grunt_megastairs_2, lemuel_fruit_tree
Lair:6:   grunt_lair_end_beastmaster, layout_long_grid
Shoals:1: layout_shoals
Shoals:2: layout_shoals, ebering_ghost_rock_garden, nicolae_shoals_water_booths,
          uniq_polyphemus, uniq_roxanne
Shoals:3: layout_shoals, nicolae_shoals_kraken_intersection
Shoals:4: shoals_end_grunt_ice, layout_shoals, shoals_ilsuiw_alternative,
          nicolae_specific_store, nicolae_shoals_siren_and_animal_friends
Spider:1: layout_spider_delve, uniq_jorgrun
Spider:2: layout_spider_delve, nicolae_spider_wall_of_niches
Spider:3: layout_spider_delve
Spider:4: spider_rune_water, nicolae_orb_stairs, uniq_asterion
Orc:1:    nicolae_orc_accident_1, layout_caves, basic_altar
Orc:2:    kennysheep_orc_mage_school, layout_caves, basic_altar, serial_shops,
          shop

Skill      XL: |  1  2  3  4  5  6  7  8  9 10 11 12 13 14 15 16 17 18 |
---------------+-------------------------------------------------------+-----
Earth Magic    | 4 5 6 7 8 9 10 11 12 13 14 15 | 15.1
Conjurations   | 1 2 3 4 5 6 7 8 9 10 11 12 13 | 13.4
Spellcasting   | 3 4 5 6 7 8 9 10 11 | 11.9
Fighting       | 1 3 4 5 7 8 9 10 11 12 | 12.2
Maces & Flails | 1 3 4 5 6 8 9 10 11 | 11.4
Armour         | 1 3 4 5 6 |  6.0
Dodging        | 2 3 4 5 6 7 8 9 |  9.9
Evocations     | 1 2 3 5 6 7 8 9 10 | 10.0
Fire Magic     | 3 6 8 9 |  9.1
Stealth        | |  2.1
Transmutations | |  0.7

Action                   |  1- 3 |  4- 6 |  7- 9 | 10-12 | 13-15 | 16-18 || total
-------------------------+-------+-------+-------+-------+-------+-------++-------
Melee: Dagger            |   108 |   188 |   415 |   198 |       |       ||   909
       Unarmed           |     5 |       |       |       |       |       ||     5
       Dire flail        |       |       |       |   270 |  1348 |   758 ||  2376
Throw: Throwing net      |       |       |     2 |       |       |       ||     2
 Cast: Sandblast         |    20 |    27 |    20 |    64 |    56 |     7 ||   194
       Stone Arrow       |       |     8 |    54 |   170 |   218 |    17 ||   467
       Iron Shot         |       |       |       |       |    57 |   151 ||   208
       Fireball          |       |       |       |       |    10 |    65 ||    75
       Lee's Rapid Decon |       |       |       |       |       |    24 ||    24
       Starburst         |       |       |       |       |       |    36 ||    36
       Irradiate         |       |       |       |       |       |     2 ||     2
Evoke: Wand              |       |       |       |    22 |     4 |     1 ||    27
       Condenser vane    |       |       |       |     1 |     2 |     3 ||     6
       Phantom mirror    |       |       |       |       |     2 |       ||     2
  Use: Scroll            |     2 |     2 |    10 |    11 |     5 |     8 ||    38
       Potion            |       |       |       |     6 |     9 |     9 ||    24
 Stab: Sleeping          |     2 |     2 |     3 |     3 |     5 |     3 ||    18
       Distracted        |       |       |       |     1 |       |       ||     1
       Invisible         |       |       |       |       |     5 |       ||     5
Armor: Robe              |    47 |    90 |    13 |       |       |       ||   150
       Leather armour    |       |       |   302 |   395 |   985 |   539 ||  2221
       Skin              |       |       |       |       |     9 |       ||     9
Dodge: Dodged            |    65 |   125 |   353 |   432 |  1616 |   907 ||  3498

Table legend: (Time is in decaauts)
 A = Elapsed time spent in this place.
 B = Non-inter-level travel time spent in this place.
 C = Inter-level travel time spent in this place.
 D = Time resting spent in this place.
 E = Time spent auto-exploring this place.
 F = Levels seen in this place.
 G = Mean time per level.
                   A        B        C        D        E       F      G
               +--------+--------+--------+--------+--------+-----+--------+
         Total |  36870 |  34752 |   2118 |   3913 |  23137 |  32 | 1152.2 |
       Dungeon |  19733 |  18709 |   1024 |   2255 |  12704 |  15 | 1315.5 |
          Lair |   7255 |   6760 |    495 |    382 |   4528 |   6 | 1209.2 |
        Shoals |   4487 |   4209 |    278 |    622 |   2958 |   4 | 1121.8 |
   Spider Nest |   2660 |   2482 |    178 |    348 |   1511 |   4 |  665.0 |
  Orcish Mines |   2264 |   2124 |    140 |     86 |   1383 |   2 | 1132.0 |
       Volcano |    469 |    469 |      0 |    220 |     53 |   1 |  469.0 |
               +--------+--------+--------+--------+--------+-----+--------+

Top non-repeatable levels by time:
     D:9: 1863 daAuts
    D:13: 1748 daAuts
Shoals:3: 1682 daAuts
Shoals:2: 1643 daAuts
     D:4: 1636 daAuts
    D:15: 1636 daAuts
  Lair:6: 1622 daAuts
     D:3: 1586 daAuts
    D:14: 1474 daAuts
     D:1: 1462 daAuts
  Lair:4: 1425 daAuts
    D:12: 1404 daAuts
   Orc:2: 1296 daAuts
  Lair:5: 1270 daAuts
     D:8: 1262 daAuts
